[Event "Team 45 45 League T72"]
[Site "Internet Chess Club"]
[Date "2017.04.01"]
[Round "2"]
[White "passedpawn"]
[Black "SAC2001"]
[Result "0-1"]
[WhiteElo "1871"]
[BlackElo "1947"]
[Opening "King's Indian: London system"]
[ECO "A48"]
[Time "20:00:40"]
[TimeControl "2700+45"]

1. d4 Nf6 2. Nf3 g6 3. Bf4 d5 4. e3 Bg7 5. h3 O-O 6. Ne5 Nbd7 7. Nd2 c5 8. c3
cxd4 9. exd4 Nxe5 10. Bxe5 Bf5 11. Be2 Rc8 12. O-O a6 13. a4 Qd7 14. a5 Rc6 15.
Nb3 Qc8 16. Bf3 Rd8 17. Re1 Bf8 18. Nc5 Nd7 19. Nxd7 Qxd7 20. Qb3 Bh6 21. Ra4 f6
22. Bh2 Bd3 23. Rb4 Bc4 24. Qc2 Bb5 25. Be2 Re6 26. Qd1 Bxe2 27. Rxe2 Rxe2 28.
Qxe2 Re8 29. Qf3 e5 30. Qxf6 Bg7 31. Qf3 exd4 32. Bg3 Rf8 33. Qd3 dxc3 34. bxc3
Rc8 35. c4 d4 36. Qb3 Qe6 37. Kh2 Bf8 38. Rxb7 Qxc4 39. Qb6 Qd5 40. Qb1 d3 41.
Rb2 Rd8 42. Bf4 Qxa5 43. Qd1 Qc3 44. Ra2 Bd6 45. Bxd6 Rxd6 46. Qd2 Qxd2 47. Rxd2
a5 48. Kg1 a4 49. Kf1 a3 50. Ke1 Rb6 51. Ra2 Rb1+ 52. Kd2 Rb2+ {White resigns}
0-1

[Event "Team 45 45 League T72"]
[Site "Internet Chess Club"]
[Date "2017.03.25"]
[Round "2"]
[White "jjimalo"]
[Black "Signalman"]
[Result "0-1"]
[WhiteElo "1815"]
[BlackElo "1857"]
[Opening "Queen's pawn"]
[ECO "A40"]
[Time "05:06:33"]
[TimeControl "2700+45"]

1. d4 e6 2. g3 b5 3. Bg2 d5 4. e4 Bb7 5. exd5 Bxd5 6. Nf3 Nf6 7. O-O Be7 8. Nc3
c6 9. Nxd5 cxd5 10. a4 b4 11. Ne5 Qc8 12. Qe2 O-O 13. Bg5 h6 14. Bf4 Nc6 15.
Nxc6 Qxc6 16. c4 bxc3 17. Rfc1 cxb2 18. Qxb2 Qb6 19. Qxb6 axb6 20. Bc7 Nd7 21.
Rcb1 Bf6 22. Rb4 g5 23. Bf1 Rfc8 24. Be5 Be7 25. Rb5 f6 {White resigns} 0-1

[Event "Team 45 45 League T72"]
[Site "Internet Chess Club"]
[Date "2017.03.25"]
[Round "2"]
[White "ChessRooklift"]
[Black "chessnow"]
[Result "1-0"]
[WhiteElo "1786"]
[BlackElo "1781"]
[Opening "King's Indian: East Indian defense"]
[ECO "A48"]
[Time "20:01:09"]
[TimeControl "2700+45"]

1. d4 Nf6 2. Nf3 g6 3. h4 Bg7 4. Bg5 d5 5. Nbd2 Ne4 6. e3 c5 7. Be2 Qb6 8. Rb1
Nc6 9. Nxe4 dxe4 10. Nd2 cxd4 11. Nc4 Qc5 12. Kf1 Be6 13. b3 O-O-O 14. Qc1 d3
15. cxd3 exd3 16. Bf3 d2 17. Qd1 Bxc4+ 18. bxc4 Qxc4+ 19. Be2 Qxa2 20. e4 Rd7
21. Rh3 h6 22. Bf4 Rhd8 23. Rhb3 Qa4 24. Qc2 h5 25. Bd1 Bd4 26. Bg3 Bb6 27. Qb2
Qxe4 28. f3 Qd4 29. Rxb6 Qxb6 30. Qc2 Qa6+ 31. Kg1 Qd3 32. Qxc6+ bxc6 33. Rb8#
{Black checkmated} 1-0

[Event "Team 45 45 League T72"]
[Site "Internet Chess Club"]
[Date "2017.03.27"]
[Round "2"]
[White "kllrchris"]
[Black "backrankbrawler"]
[Result "0-1"]
[WhiteElo "1672"]
[BlackElo "1757"]
[Opening "French: Rubinstein variation"]
[ECO "C03"]
[Time "23:02:05"]
[TimeControl "2700+45"]

1. e4 e6 2. d4 d5 3. Nd2 dxe4 4. Nxe4 Nd7 5. Nf3 Ngf6 6. Bd3 c5 7. O-O Nxe4 8.
Bxe4 Nf6 9. Bg5 h6 10. Bxf6 Qxf6 11. Qd3 a6 12. Qc4 Qe7 13. a4 Rb8 14. Ne5 Qc7
15. Rae1 Bd6 16. Kh1 cxd4 17. Qxc7 Bxc7 18. Nf3 Bd7 19. Nxd4 Bxa4 20. f4 O-O 21.
f5 e5 22. Nf3 Bb5 23. Rf2 Rfd8 24. b3 Ba5 25. Rc1 Bc3 26. g4 f6 27. Kg2 Rd7 28.
Ne1 Rd4 {White resigns} 0-1

[Event "Team 45 45 League T72"]
[Site "Internet Chess Club"]
[Date "2017.03.25"]
[Round "2"]
[White "Tobiasdelmonte"]
[Black "nitishdas"]
[Result "0-1"]
[WhiteElo "1679"]
[BlackElo "1963"]
[Opening "Queen's pawn game"]
[ECO "A46"]
[Time "10:06:48"]
[TimeControl "2700+45"]

1. d4 Nf6 2. Nf3 c5 3. c3 d5 4. Bf4 Nc6 5. e3 e6 6. Bd3 g6 7. h3 Bg7 8. O-O O-O
9. Nbd2 b6 10. Be5 Bb7 11. Bf4 Nh5 12. Bh2 f5 13. Qe2 Qe7 14. Rfe1 Nf6 15. Ne5
Ne4 16. Bxe4 fxe4 17. Nxc6 Bxc6 18. Qf3 exf3 {White resigns} 0-1

[Event "Team 45 45 League T72"]
[Site "Internet Chess Club"]
[Date "2017.03.23"]
[Round "2"]
[White "fireball"]
[Black "cap78red"]
[Result "1/2-1/2"]
[WhiteElo "1586"]
[BlackElo "1512"]
[Opening "Pirc: Byrne variation"]
[ECO "B07"]
[Time "18:01:01"]
[TimeControl "2700+45"]

1. e4 d6 2. d4 Nf6 3. Nc3 g6 4. Bg5 Bg7 5. Qd2 h6 6. Bh4 g5 7. Bg3 Bd7 8. h3 b5
9. e5 Nh5 10. Bxb5 Bxb5 11. Nxb5 Nxg3 12. fxg3 dxe5 13. dxe5 Qxd2+ 14. Kxd2 Bxe5
15. Ne2 Nd7 16. c3 Nc5 17. Kc2 a6 18. Na3 Rd8 19. Rad1 O-O 20. Nc4 Bd6 21. Rhf1
Ne4 22. g4 Bc5 23. Rxd8 Rxd8 24. Rd1 Rxd1 25. Kxd1 Nf6 26. Ng3 e6 27. Ke2 Nd5
28. Ne4 Nf4+ 29. Kf3 Bb6 30. Nxb6 cxb6 31. Nf6+ Kg7 32. Ne8+ Kf8 33. Nc7 Nd3 34.
b4 a5 35. bxa5 bxa5 36. Nb5 Ke7 37. Ke4 Nf4 38. Kf3 Kd7 39. g3 Nd3 40. Ke3 Ne5
41. Ke4 f6 42. Nd4 Kd6 43. a4 Nc4 44. Nb3 Nb6 45. Nxa5 Nxa4 46. c4 Kc5 47. Nb7+
Kxc4 48. Nd8 Nc5+ 49. Ke3 Kd5 50. Nf7 Ne4 51. Kf3 f5 52. Nxh6 Ke5 53. h4 gxh4
54. gxh4 fxg4+ 55. Nxg4+ Kf5 56. Ne3+ Ke5 57. Kg4 Kd4 58. Ng2 e5 59. h5 Nf6+ 60.
Kg5 Nxh5 61. Kxh5 e4 {Game drawn by mutual agreement} 1/2-1/2

[Event "Team 45 45 League T72"]
[Site "Internet Chess Club"]
[Date "2017.03.23"]
[Round "2"]
[White "Darshukarpov"]
[Black "Insan996"]
[Result "1-0"]
[WhiteElo "1414"]
[BlackElo "1610"]
[Opening "Caro-Kann: exchange, Rubinstein variation"]
[ECO "B13"]
[Time "13:08:50"]
[TimeControl "2700+45"]

1. e4 c6 2. d4 d5 3. exd5 cxd5 4. Bd3 Nf6 5. c3 Nc6 6. Bf4 Bg4 7. Qb3 Qd7 8. Nd2
e6 9. Ngf3 a6 10. O-O Be7 11. Rae1 O-O 12. Ne5 Qc8 13. h3 Bh5 14. g4 Bg6 15.
Bxg6 hxg6 16. g5 Ne8 17. Qd1 Nd6 18. h4 Nf5 19. h5 gxh5 20. Qxh5 g6 21. Qh3 Bd6
22. Ng4 Kg7 23. Bxd6 Rh8 24. Qf3 Nxd6 25. Qf6+ Kg8 26. Nh6+ Rxh6 27. gxh6 Nf5
28. h7+ Kxh7 29. Qxf7+ Ng7 30. Kg2 Kh8 31. Rh1+ Nh5 32. Qxg6 {Black resigns} 1-0

[Event "Team 45 45 League T72"]
[Site "Internet Chess Club"]
[Date "2017.03.26"]
[Round "2"]
[White "searchforbobby1"]
[Black "santiagoelawad"]
[Result "1/2-1/2"]
[WhiteElo "1950"]
[BlackElo "2021"]
[Opening "Caro-Kann: Tartakower (fantasy) variation"]
[ECO "B12"]
[Time "19:10:44"]
[TimeControl "2700+45"]

1. e4 c6 2. d4 d5 3. f3 Nf6 4. e5 Nfd7 5. f4 e6 6. Nf3 c5 7. c3 Nc6 8. Bd3 Qb6
9. Bc2 Be7 10. O-O O-O 11. a3 f6 12. Kh1 a5 13. b3 cxd4 14. cxd4 fxe5 15. fxe5
Nxd4 16. Be3 Bc5 17. Bxd4 Bxd4 18. Nc3 Bxe5 19. Bxh7+ Kxh7 20. Ng5+ Kg8 21. Qh5
Nf6 22. Rxf6 Rxf6 23. Qe8+ Rf8 24. Qg6 Rf6 25. Qe8+ Rf8 26. Qh5 Rf6 27. Qe8+ Rf8
28. Qg6 Rf6 29. Qe8+ Rf8 {Game drawn by repetition} 1/2-1/2

[Event "Team 45 45 League T72"]
[Site "Internet Chess Club"]
[Date "2017.03.26"]
[Round "2"]
[White "ChessHouston"]
[Black "primerpaso"]
[Result "0-1"]
[WhiteElo "1864"]
[BlackElo "1837"]
[Opening "Sicilian: Najdorf, Opocensky variation"]
[ECO "B92"]
[Time "11:05:29"]
[TimeControl "2700+45"]

1. e4 c5 2. Nf3 d6 3. d4 cxd4 4. Nxd4 Nf6 5. Nc3 a6 6. Be2 e5 7. Nb3 Be6 8. a4
Nbd7 9. Be3 Qc7 10. O-O Be7 11. Nd5 Bxd5 12. exd5 O-O 13. Qd3 Rfc8 14. c4 b6 15.
Kh1 Nc5 16. Nxc5 bxc5 17. Bd2 Rcb8 18. Bc3 Nd7 19. Rae1 g6 20. f4 Bf6 21. Bd1
Re8 22. Bg4 exf4 23. Rxe8+ Rxe8 24. Bxd7 Re3 25. Qd2 Bxc3 26. bxc3 Qxd7 27. Rxf4
Qe8 28. Rf1 Qe5 29. Qf2 Qe7 30. h3 f5 31. Rb1 Qe4 32. Kh2 Qe5+ 33. Kh1 Qe4 34.
Kh2 Rxc3 35. Qb2 Qe5+ 36. Kh1 Kg7 37. Qb8 Qf6 38. Re1 Rxc4 39. Qc7+ Kh6 40. Re7
Kg5 41. Re6 Qd4 42. Qe7+ Kh6 43. Qxd6 Rc1+ 44. Kh2 Qg1+ 45. Kg3 Rc3+ 46. Kh4
Qd4+ 47. g4 Qf2+ 48. Qg3 Qxg3# {White checkmated} 0-1

[Event "Team 45 45 League T72"]
[Site "Internet Chess Club"]
[Date "2017.03.23"]
[Round "2"]
[White "dp15"]
[Black "JasonModer"]
[Result "1/2-1/2"]
[WhiteElo "2013"]
[BlackElo "2031"]
[Opening "Sicilian: Taimanov variation"]
[ECO "B46"]
[Time "18:30:11"]
[TimeControl "2700+45"]

1. e4 c5 2. Nf3 e6 3. d4 cxd4 4. Nxd4 a6 5. Nc3 Nc6 6. g3 Nf6 7. Bg2 Qc7 8. Nb3
Be7 9. O-O O-O 10. Be3 d6 11. f4 Rd8 12. Qe2 b5 13. a3 Bb7 14. Rad1 Nd7 15. Qf2
Bf6 16. g4 Bxc3 17. bxc3 Ne7 18. Rd3 Nc8 19. Bd4 f6 20. g5 Rf8 21. Qh4 fxg5 22.
Qxg5 Nf6 23. Rg3 Kh8 24. e5 Ne8 25. Bxb7 Qxb7 26. exd6 Ncxd6 27. Nc5 Qf7 28.
Nxe6 Ne4 29. Qh6 Nxg3 30. Nxf8 Ne2+ 31. Kf2 Qxf8 32. Kxe2 Nd6 33. Qg5 Re8+ 34.
Kd1 Nf5 35. Rg1 Rd8 36. Kc1 Nxd4 37. cxd4 Rxd4 38. Kb2 Rxf4 39. Rd1 h6 40. Qd5
Qf6+ 41. Kb1 Rf1 42. Rxf1 Qxf1+ 43. Kb2 Qf6+ 44. Kb1 Kh7 45. Qe4+ Qg6 46. Qf4 h5
47. h3 Qf6 48. Qe4+ Kh6 49. h4 Qg6 50. Qe3+ Kh7 51. Qd4 Qg4 52. Qd3+ Kh6 53.
Qd6+ Qg6 54. Qf4+ Kh7 55. Qd4 Qf6 56. Qe4+ Kh6 57. Qe3+ g5 58. hxg5+ Qxg5 59.
Qe6+ Qg6 60. Qe3+ Kg7 61. Qe7+ Kg8 62. Qd8+ Kf7 63. Qd7+ Kf6 64. Qd6+ Kg5 65.
Qg3+ Kh6 66. Qe3+ Kh7 67. Qe7+ Qg7 68. Qe4+ Kh6 69. Qe3+ Kg6 70. Qg3+ {Game
drawn by mutual agreement} 1/2-1/2

[Event "Team 45 45 League T72"]
[Site "Internet Chess Club"]
[Date "2017.03.28"]
[Round "2"]
[White "RickyWang"]
[Black "hood"]
[Result "1/2-1/2"]
[WhiteElo "1820"]
[BlackElo "1962"]
[Opening "Ruy Lopez: closed, Breyer, Borisenko variation"]
[ECO "C95"]
[Time "21:13:54"]
[TimeControl "2700+45"]

1. e4 e5 2. Nf3 Nc6 3. Bb5 a6 4. Ba4 Nf6 5. O-O Be7 6. Re1 b5 7. Bb3 d6 8. c3
O-O 9. h3 Nb8 10. d4 Nbd7 11. Nbd2 Bb7 12. Bc2 Re8 13. Nf1 Bf8 14. Ng3 g6 15.
Bg5 h6 16. Bd2 Bg7 17. a4 c5 18. d5 c4 19. b4 cxb3 20. Bxb3 Qc7 21. c4 bxc4 22.
Rc1 Nc5 23. Bxc4 Reb8 24. Bb4 Nfd7 25. h4 a5 26. Ba3 Ba6 27. Bxa6 Rxa6 28. h5
Qd8 29. Rc3 Bf6 30. Qc2 Kg7 31. Nd2 Rb4 32. Bxb4 axb4 33. Rc4 Rxa4 34. Nb3 Qa8
35. hxg6 fxg6 36. Rb1 {Game drawn by mutual agreement} 1/2-1/2

[Event "Team 45 45 League T72"]
[Site "Internet Chess Club"]
[Date "2017.03.25"]
[Round "2"]
[White "soccerisfun"]
[Black "anna"]
[Result "1-0"]
[WhiteElo "1947"]
[BlackElo "1830"]
[Opening "Vienna game"]
[ECO "C28"]
[Time "15:06:57"]
[TimeControl "2700+45"]

1. e4 e5 2. Bc4 Nf6 3. Nc3 Nc6 4. d3 d6 5. f4 exf4 6. Bxf4 Be7 7. Nf3 Bg4 8. O-O
O-O 9. h3 Bh5 10. a3 h6 11. g4 Bg6 12. Qd2 Nh7 13. Nd5 Bg5 14. Rae1 Ne5 15. Nxg5
Nxc4 16. Nxf7 Nxd2 17. Nxd8 Raxd8 18. Ne7+ Kf7 19. Nxg6 Nxf1 20. Nxf8 Rxf8 21.
Rxf1 Ke6 22. c4 g5 23. Be3 Rxf1+ 24. Kxf1 c5 25. b4 b6 26. Ke2 Ke5 27. Kf3 Nf8
28. Bf2 Ne6 29. Bg3+ Kd4 30. Ke2 cxb4 31. axb4 a5 32. bxa5 bxa5 33. Bxd6 a4 34.
Kd2 Nf4 35. e5 a3 36. Bxa3 Kxe5 37. Bb2+ Ke6 38. Bg7 Nxh3 39. Bxh6 Nf2 40. Bxg5
Nxg4 41. d4 Nf2 42. Ke3 Nd1+ 43. Ke4 Nf2+ 44. Kf3 Nd3 45. Bf4 Nb2 46. d5+ Kd7
47. c5 Nd3 48. c6+ Kc8 49. d6 Nb4 50. d7+ {Black resigns} 1-0

[Event "Team 45 45 League T72"]
[Site "Internet Chess Club"]
[Date "2017.03.23"]
[Round "2"]
[White "Elton2013"]
[Black "joebobpop"]
[Result "0-1"]
[WhiteElo "1811"]
[BlackElo "1950"]
[Opening "Réti: King's Indian attack"]
[ECO "A05"]
[Time "18:02:45"]
[TimeControl "2700+45"]

1. Nf3 Nf6 2. g3 g6 3. Bg2 Bg7 4. O-O O-O 5. d4 d5 6. Nbd2 c6 7. Re1 Nbd7 8. e4
dxe4 9. Nxe4 Nxe4 10. Rxe4 Nf6 11. Re1 Be6 12. Qe2 Re8 13. c4 Qa5 14. Bd2 Qh5
15. b3 Rad8 16. Ng5 Qxe2 17. Rxe2 Bf5 18. Bc3 h6 19. Nf3 g5 20. Rae1 e6 21. Ne5
Nd7 22. Ba5 Nxe5 23. dxe5 Rd3 24. Bc7 Bf8 25. Re3 Rd4 26. Bf3 Bc5 27. R3e2 Bb4
28. Ra1 Rc8 29. a3 Bc3 30. Rc1 Rd3 31. Re3 Rxe3 32. fxe3 Bd2 33. Rd1 Bxe3+ 34.
Kf1 Rxc7 35. b4 g4 {White resigns} 0-1

[Event "Team 45 45 League T72"]
[Site "Internet Chess Club"]
[Date "2017.03.26"]
[Round "2"]
[White "kidviper"]
[Black "calsal"]
[Result "1-0"]
[WhiteElo "1889"]
[BlackElo "1712"]
[Opening "King's Indian: orthodox, Aronin-Taimanov variation (Yugoslav attack / Mar del Plata variation)"]
[ECO "E97"]
[Time "15:07:24"]
[TimeControl "2700+45"]

1. d4 Nf6 2. Nf3 g6 3. c4 Bg7 4. Nc3 O-O 5. e4 d6 6. Be2 e5 7. O-O Nc6 8. dxe5
dxe5 9. Bg5 Bg4 10. Qxd8 Nxd8 11. Bxf6 Bxf6 12. Nd5 Bxf3 13. gxf3 Bg5 14. Nxc7
Rc8 15. Nd5 Ne6 16. Rfd1 Nd4 17. Rxd4 exd4 18. f4 Bh4 19. Rd1 Rfe8 20. Rxd4 Kg7
21. Kg2 Be7 22. Kf3 Bc5 23. Rd2 Rcd8 24. Rd1 Re6 25. Bd3 h5 26. h4 Ra6 27. a3
Kh6 28. Rg1 Bd4 29. Rb1 Bf6 30. c5 Rc6 31. b4 Bg7 32. Bb5 Re6 33. Bc4 Rc6 34.
Rd1 Bb2 35. Rd3 Bg7 36. e5 b6 37. Bb5 Re6 38. c6 Rc8 39. c7 Bf8 40. Bd7 Ree8 41.
Nf6 Rxc7 42. Bxe8 Be7 43. Nd5 {Black resigns} 1-0

[Event "Team 45 45 League T72"]
[Site "Internet Chess Club"]
[Date "2017.03.28"]
[Round "2"]
[White "Yedixon"]
[Black "kidcobra"]
[Result "0-1"]
[WhiteElo "1683"]
[BlackElo "1845"]
[Opening "Ruy Lopez: Schliemann defense, Berger variation"]
[ECO "C63"]
[Time "18:17:09"]
[TimeControl "2700+45"]

1. e4 e5 2. Nf3 Nc6 3. Bb5 f5 4. Nc3 fxe4 5. Nxe4 d5 6. Nxe5 dxe4 7. Nxc6 Qg5 8.
Qe2 Nf6 9. d4 Qxg2 10. Ne5+ c6 11. Qf1 Qxf1+ 12. Bxf1 Be6 13. Bg2 O-O-O 14. c3
c5 15. Be3 cxd4 16. Bxd4 Bd6 17. O-O-O Bxa2 18. Kc2 Be6 19. Rde1 Rhe8 20. Kc1
Bf5 21. Nf7 Be5 22. Nxe5 Re7 23. f4 Kb8 24. Re3 Nd5 25. Rg3 Nxf4 26. Re1 Rc7 27.
Bxe4 Rxd4 28. Bxf5 Rd5 29. Bc2 Rcc5 30. Nd3 Nxd3+ 31. Rxd3 Rxd3 32. Bxd3 Rh5 33.
Re2 b6 34. Kd2 Kc7 35. Ke1 a5 36. Rg2 Kd6 37. Kf2 b5 38. Kg1 g6 39. Rd2 Kc5 40.
b3 b4 41. c4 Rg5+ 42. Kf2 Re5 43. Re2 Rh5 44. Kg3 Kd4 45. Be4 a4 46. bxa4 Kxc4
47. h4 Ra5 48. Bc6 b3 49. Bb5+ Kc3 50. Re3+ Kc2 51. Bc6 b2 52. Be4+ Kc1 53. Rc3+
Kd2 54. Rc2+ Ke3 55. Rc4 Kd2 56. Rb4 Kc1 57. Kf3 Rh5 58. Kg4 Re5 59. Kf3 Rh5 60.
Bd3 Kd2 61. Bb5 Kc2 62. Rd4 Rxb5 {White resigns} 0-1

[Event "Team 45 45 League T72"]
[Site "Internet Chess Club"]
[Date "2017.03.25"]
[Round "2"]
[White "BJJ"]
[Black "Chess4Him"]
[Result "1-0"]
[WhiteElo "1419"]
[BlackElo "1580"]
[Opening "Robatsch (modern) defense"]
[ECO "B06"]
[Time "08:02:35"]
[TimeControl "2700+45"]

1. e4 g6 2. d4 Bg7 3. Nf3 d6 4. Bc4 e6 5. O-O a6 6. Bg5 Ne7 7. Nc3 b5 8. Bd3 h6
9. Bh4 Nd7 10. Re1 Bb7 11. d5 e5 12. b4 g5 13. Bg3 Ng6 14. h3 O-O 15. Nh2 Nf4
16. Bf1 Rc8 17. a4 c5 18. bxc5 Rxc5 19. Qd2 Qc7 20. Re3 b4 21. Ne2 a5 22. c3 Nb6
23. Qe1 Nc4 24. Rf3 Na3 25. Rc1 b3 26. Qd2 Nc4 27. Qd1 Rb8 28. Bxf4 exf4 29. Nd4
b2 30. Rb1 Ne5 31. Nb5 Nxf3+ 32. Qxf3 Qb6 33. c4 Bc8 34. Bd3 Bd7 35. e5 Bxe5 36.
Qe4 f5 37. Qf3 Kg7 38. h4 g4 39. Qe2 h5 40. Rxb2 Kf6 41. Rb1 g3 42. Nf3 gxf2+
43. Kh1 Bxb5 44. Nxe5 dxe5 45. Qxh5 f1=Q+ 46. Bxf1 Rg8 47. Qh6+ Rg6 48. Qf8#
{Black checkmated} 1-0

[Event "Team 45 45 League T72"]
[Site "Internet Chess Club"]
[Date "2017.03.26"]
[Round "2"]
[White "zepled37"]
[Black "goodFriday"]
[Result "0-1"]
[WhiteElo "1703"]
[BlackElo "1877"]
[Opening "Sicilian: Canal-Sokolsky attack, 3...Bd7"]
[ECO "B52"]
[Time "17:08:09"]
[TimeControl "2700+45"]

1. e4 c5 2. Nf3 d6 3. Bb5+ Bd7 4. Bxd7+ Qxd7 5. O-O Nc6 6. c3 Nf6 7. Re1 e6 8.
d4 Be7 9. dxc5 dxc5 10. Qxd7+ Nxd7 11. e5 O-O 12. Bf4 b5 13. Na3 a6 14. c4 b4
15. Nc2 Nb6 16. b3 h6 17. Rad1 a5 18. a4 bxa3 19. Nd2 a4 20. bxa4 Rxa4 21. Ra1
Nxc4 22. Re4 Nd4 23. Nxd4 Nxd2 24. Bxd2 cxd4 25. Bc3 Bc5 26. Ra2 Rb8 27. g3 dxc3
28. Rxa4 Rb2 29. Ra1 c2 30. Re4 Rb1+ 31. Re1 a2 32. Kg2 Rxe1 33. Rxe1 Ba3 {White
resigns} 0-1

[Event "Team 45 45 League T72"]
[Site "Internet Chess Club"]
[Date "2017.03.25"]
[Round "2"]
[White "Littlemon"]
[Black "justice02"]
[Result "0-1"]
[WhiteElo "1594"]
[BlackElo "1654"]
[Opening "QGD Slav defense: exchange variation"]
[ECO "D10"]
[Time "19:00:23"]
[TimeControl "2700+45"]

1. d4 d5 2. c4 c6 3. cxd5 cxd5 4. Bf4 Nc6 5. e3 Nf6 6. Nc3 a6 7. Bd3 g6 8. Nf3
Bg7 9. O-O O-O 10. Qb3 Re8 11. Rfd1 e6 12. Na4 Nd7 13. Rac1 Bf8 14. Bg5 Qa5 15.
a3 e5 16. dxe5 Ncxe5 17. Nxe5 Nxe5 18. Nb6 Bg4 19. f3 Bxf3 20. gxf3 Nxf3+ 21.
Kf2 Nxg5 22. Nxa8 Rxa8 23. Qxb7 Qd8 24. Ke2 Rb8 25. Qxa6 Rxb2+ 26. Rc2 Rb6 27.
Qa5 Qd6 28. Rh1 Rb3 29. a4 Qd7 30. Rf1 Qg4+ 31. Kf2 Rxd3 32. Qd8 Nh3+ 33. Ke1
Qd1# {White checkmated} 0-1

[Event "Team 45 45 League T72"]
[Site "Internet Chess Club"]
[Date "2017.03.25"]
[Round "2"]
[White "Grenadier"]
[Black "moodle"]
[Result "0-1"]
[WhiteElo "1608"]
[BlackElo "1633"]
[Opening "Scandinavian: Marshall variation"]
[ECO "B01"]
[Time "18:00:38"]
[TimeControl "2700+45"]

1. e4 d5 2. exd5 Nf6 3. d4 Nxd5 4. Nf3 g6 5. Be2 Bg7 6. O-O O-O 7. Re1 Bg4 8. h3
Bf5 9. c4 Nb6 10. Nc3 Nc6 11. d5 Na5 12. c5 Bxc3 13. bxc3 Nxd5 14. Qa4 c6 15.
Bb2 b5 16. cxb6 Qxb6 17. c4 Qxb2 18. cxd5 Qb6 19. dxc6 Nxc6 20. Rac1 Rfc8 21.
Qh4 Kg7 22. Bc4 e6 23. g4 Nd4 24. Nxd4 Qxd4 25. Bb3 h5 26. Rcd1 Qf4 27. Rd7 hxg4
28. Qe7 Rf8 29. Bxe6 Rae8 30. Qxf7+ Rxf7 31. Rxf7+ Kh8 32. hxg4 Qxg4+ 33. Kf1
Bxe6 34. Rxa7 Bc4+ {White resigns} 0-1

[Event "Team 45 45 League T72"]
[Site "Internet Chess Club"]
[Date "2017.03.27"]
[Round "2"]
[White "Srijan13"]
[Black "GoIrish"]
[Result "0-1"]
[WhiteElo "1447"]
[BlackElo "1556"]
[Opening "King's Indian: Sämisch, orthodox variation"]
[ECO "E85"]
[Time "20:30:27"]
[TimeControl "2700+45"]

1. d4 Nf6 2. c4 g6 3. Nc3 Bg7 4. e4 d6 5. f3 O-O 6. Be3 e5 7. Nge2 Nbd7 8. Qb3
exd4 9. Nxd4 b6 10. O-O-O Nc5 11. Qc2 Bd7 12. Be2 a5 13. h4 Nh5 14. Bf2 Nf4 15.
Rdg1 Nxe2+ 16. Qxe2 Ne6 17. Nxe6 Bxe6 18. Nd5 Bxd5 19. cxd5 Qd7 20. g4 c6 21.
dxc6 Qxc6+ 22. Kb1 Rae8 23. h5 d5 24. Re1 dxe4 25. fxe4 Re6 26. hxg6 fxg6 27.
Bg3 Ref6 28. Qh2 h6 29. Be5 Rf2 30. Qg3 R8f3 31. Qh4 g5 32. Qh5 Bxe5 {White
resigns} 0-1

[Event "Team 45 45 League T72"]
[Site "Internet Chess Club"]
[Date "2017.03.25"]
[Round "2"]
[White "kllrchris"]
[Black "otherook"]
[Result "1-0"]
[WhiteElo "1685"]
[BlackElo "1715"]
[Opening "Caro-Kann defense"]
[ECO "B12"]
[Time "14:05:25"]
[TimeControl "2700+45"]

1. e4 c6 2. d4 d6 3. Nf3 Bg4 4. Nc3 Nd7 5. Bc4 e6 6. Qe2 Be7 7. h3 Bh5 8. g4 Bg6
9. h4 h6 10. Bf4 Ngf6 11. h5 Bh7 12. g5 hxg5 13. Nxg5 Bg8 14. O-O-O b5 15. Bb3
a5 16. d5 e5 17. dxc6 Nc5 18. Bxe5 a4 19. Bd5 Nxd5 20. Nxd5 Bxg5+ 21. f4 dxe5
22. fxg5 Qxg5+ 23. Kb1 Rc8 24. Qxb5 Ne6 25. c7+ {Black resigns} 1-0

[Event "Team 45 45 League T72"]
[Site "Internet Chess Club"]
[Date "2017.03.25"]
[Round "2"]
[White "Invicta-Knight"]
[Black "Mitochondria"]
[Result "1-0"]
[WhiteElo "1578"]
[BlackElo "1594"]
[Opening "Sicilian: closed"]
[ECO "B23"]
[Time "15:08:07"]
[TimeControl "2700+45"]

1. e4 c5 2. Nc3 d6 3. f4 Nc6 4. Bb5 Bd7 5. Nf3 a6 6. Bxc6 Bxc6 7. d4 b5 8. Qe2
e6 9. dxc5 dxc5 10. Ne5 Bb7 11. Nxb5 f6 12. Qh5+ g6 13. Nxg6 hxg6 14. Qxh8 Nh6
15. Nc3 Qd4 16. Ne2 Qd8 17. f5 gxf5 18. Bxh6 Qe7 19. O-O-O Bxe4 20. Nf4 Qf7 21.
Nxe6 Ke7 22. Nxf8 {Black resigns} 1-0

[Event "Team 45 45 League T72"]
[Site "Internet Chess Club"]
[Date "2017.03.26"]
[Round "2"]
[White "Scorpius"]
[Black "crazyhorses"]
[Result "0-1"]
[WhiteElo "1367"]
[BlackElo "1387"]
[Opening "French: exchange variation"]
[ECO "C01"]
[Time "13:02:18"]
[TimeControl "2700+45"]

1. d4 d5 2. e4 e6 3. exd5 exd5 4. Nf3 Nf6 5. c4 c6 6. Nc3 Be6 7. b3 Bb4 8. Bb2
Ne4 9. Qc2 Qa5 10. Rb1 Nxc3 11. Bxc3 Bxc3+ 12. Nd2 O-O 13. Bd3 Bxd2+ 14. Qxd2
Qxd2+ 15. Kxd2 Nd7 16. f3 c5 17. Kc3 Rac8 18. g4 Rfd8 19. Rhd1 cxd4+ 20. Kxd4
Nc5 21. Ke3 Nxd3 22. Rxd3 dxc4 23. Rxd8+ Rxd8 24. bxc4 b6 25. Rc1 Rc8 26. Kd4
Rc5 27. a4 Kf8 28. h4 Ke7 29. Rc3 f5 30. g5 Bd7 31. Ra3 Bc6 32. f4 Ra5 33. Re3+
Kd6 34. Re5 Rxe5 35. fxe5+ Ke6 36. c5 f4 37. cxb6 axb6 38. h5 f3 39. Ke3 Kxe5
{White resigns} 0-1

[Event "Team 45 45 League T72"]
[Site "Internet Chess Club"]
[Date "2017.03.22"]
[Round "2"]
[White "PsyMar"]
[Black "scottrugby"]
[Result "0-1"]
[WhiteElo "1277"]
[BlackElo "1478"]
[Opening "Sicilian: accelerated fianchetto, Maróczy bind, 6.Be3"]
[ECO "B38"]
[Time "12:00:09"]
[TimeControl "2700+45"]

1. e4 c5 2. Nf3 g6 3. d4 cxd4 4. Nxd4 Nc6 5. c4 Bg7 6. Be3 Nf6 7. Nc3 O-O 8. Be2
d6 9. O-O a6 10. a4 Bd7 11. Qd2 Ng4 12. Bxg4 Bxg4 13. Bh6 Bxh6 14. Qxh6 Nxd4 15.
f3 {White resigns} 0-1

[Event "Team 45 45 League T72"]
[Site "Internet Chess Club"]
[Date "2017.03.25"]
[Round "2"]
[White "Elalfer"]
[Black "cadmiumorange"]
[Result "0-1"]
[WhiteElo "1603"]
[BlackElo "1805"]
[Opening "Robatsch (modern) defense"]
[ECO "A40"]
[Time "12:00:34"]
[TimeControl "2700+45"]

1. d4 g6 2. e4 Bg7 3. c4 d6 4. Nf3 Nc6 5. Be3 e5 6. d5 Nce7 7. Be2 h6 8. Nfd2 f5
9. f3 Nf6 10. O-O O-O 11. Nc3 f4 12. Bf2 g5 13. b4 h5 14. h3 a6 15. c5 Qe8 16.
cxd6 cxd6 17. Na4 g4 18. Nb6 gxh3 19. Nxa8 Qg6 20. g3 fxg3 21. Nc7 gxf2+ 22.
Kxf2 Qg2+ 23. Ke1 Bh6 24. Rf2 Qg1+ 25. Bf1 Ng4 26. Qe2 Qxf2+ 27. Qxf2 Nxf2 28.
Kxf2 Bxd2 29. Ne6 Bxe6 30. dxe6 h2 31. Bc4 Kh7 32. Rh1 Bf4 33. Bf1 Rc8 {White
resigns} 0-1

[Event "Team 45 45 League T72"]
[Site "Internet Chess Club"]
[Date "2017.03.26"]
[Round "2"]
[White "PolishRyszard"]
[Black "cayo89"]
[Result "1/2-1/2"]
[WhiteElo "1786"]
[BlackElo "1660"]
[Opening "Levitsky attack (Queen's bishop attack)"]
[ECO "D00"]
[Time "18:04:27"]
[TimeControl "2700+45"]

1. d4 d5 2. Bg5 f6 3. Bh4 Bf5 4. e3 Nh6 5. Bd3 e6 6. Nf3 Be7 7. O-O Nc6 8. c4
O-O 9. Nc3 Bxd3 10. Qxd3 Nb4 11. Qe2 Nf5 12. Bg3 Nxg3 13. hxg3 c6 14. a3 Na6 15.
e4 Nc7 16. Rfe1 Kf7 17. Rad1 Re8 18. g4 Qd7 19. g3 Rad8 20. Kg2 Kg8 21. g5 Rc8
22. Rh1 b5 23. gxf6 Bxf6 24. e5 Be7 25. Qd3 g6 26. c5 Rf8 27. Rh6 Rf7 28. Rdh1
Rg7 29. Ne2 Rf8 30. Nf4 Rf5 31. Re1 Qd8 32. Nh3 Rgf7 33. Re3 Kg7 34. Rh4 Rxf3
35. Rxf3 Rxf3 36. Qxf3 Bxh4 37. gxh4 Qxh4 38. Nf4 Qg5+ 39. Kh2 Qh4+ 40. Kg2 Qg5+
41. Kh2 Qh4+ 42. Kg2 Qg5+ {Game drawn by repetition} 1/2-1/2